 Dungeon Crawl Stone Soup version 0.13.0-18-g7b03ea5 (webtiles) character file.

8969 Deemzul the Grappler (level 11, -7/81 HPs)
             Began as a Demonspawn Monk on Oct 22, 2013.
             Was a High Priest of Okawaru.
             Mangled by an orc warrior
             ... wielding a +0,+2 orcish glaive
              (23 damage)
             ... in a bailey.
             The game lasted 00:27:52 (8223 turns).

Deemzul the Martial Artist (Demonspawn Monk)        Turns: 8223, Time: 00:27:52

HP  -7/81        AC 12     Str 18      XL: 11   Next: 10%
MP   9/10        EV 14     Int 11      God: Okawaru [*****.]
Gold 467         SH  0     Dex 17      Spells:  0 memorised, 10 levels left

Res.Fire  : + . .   See Invis. : .     - Unarmed
Res.Cold  : + . .   Warding    : .   C - +2 ring mail {rF+}
Life Prot.: . . .   Conserve   : .   (no shield)
Res.Poison: .       Res.Corr.  : .   (helmet restricted)
Res.Elec. : .       Clarity    : .   m - +1 elf cloak
Sust.Abil.: . .     Spirit.Shd : .   (no gloves)
Res.Mut.  : .       Stasis     : .   (no boots)
Res.Rott. : .       Flight     : .   (no amulet)
Saprovore : + . .                    y - cursed ring of sustenance
                                     e - +4 ring of strength

@: heroism, somewhat resistant to hostile enchantments, quite stealthy
A: claws 2, horns 1, talons 1, cold resistance 1, saprovore 1
a: Heroism, Finesse, Renounce Religion


You were in a bailey.
You worshipped Okawaru.
Okawaru was extremely pleased with you.
You were hungry.

You visited 2 branches of the dungeon, and saw 10 of its levels.
You also visited: Bailey.

You collected 467 gold pieces.

Inventory:

Hand weapons
 p - a +0 blowgun
Missiles
 q - 14 curare-tipped needles
 z - 7 needles of slowing
Armour
 f - a +0 chain mail
 h - a +0 ring mail
 i - a +0 plate armour
 m - a +1 elven cloak (worn)
 C - a +2 ring mail of fire resistance (worn)
 L - a +0 elven ring mail of magic resistance
Magical devices
 o - a wand of enslavement (19)
 v - a wand of polymorph (9)
 I - a wand of confusion (4)
 K - a wand of lightning (5)
Comestibles
 b - 2 bread rations
 d - a meat ration
 j - a lemon
 t - a slice of pizza
 H - an apple
 O - 4 rotting chunks of orc flesh
Scrolls
 s - a scroll of fog
 u - 2 scrolls of remove curse
 A - 4 scrolls of amnesia
 D - a scroll of teleportation
 E - 5 scrolls of identify
 F - a scroll of recharging
 G - a scroll of holy word {unknown}
 J - a scroll of curse weapon {unknown}
 M - a scroll of immolation {unknown}
 N - 3 scrolls of magic mapping
Jewellery
 e - a +4 ring of strength (left claw)
 g - an uncursed ring of see invisible
 l - an uncursed ring of ice
 n - an uncursed ring of protection from fire
 r - an uncursed ring of fire
 y - a cursed ring of sustenance (right claw)
Potions
 a - a potion of cure mutation
 c - a potion of berserk rage
 k - 3 potions of brilliance
 x - 2 potions of curing


   Skills:
 + Level 7.8(12.8) Fighting
 + Level 6.7(11.7) Armour
 - Level 2.6(7.6) Dodging
 - Level 1.7(6.7) Stealth
 * Level 13.8(18.8) Unarmed Combat


You had 10 spell levels left.
You didn't know any spells.

Dungeon Overview and Level Annotations

Branches:
Dungeon (9/27)             Temple (1/1) D:5            Lair (0/8) D:9
    Orc: D:6-11

Altars:
Ashenzari
Cheibriados
Elyvilon
Fedhas
Kikubaaqudgha
Makhleb
Nemelex Xobeh
Okawaru
Sif Muna
Trog
Vehumet
Xom
Yredelemnul
Zin
the Shining One

Shops:
D:6 }   D:7 +


Innate Abilities, Weirdness & Mutations

You have very sharp fingernails.
You have a pair of small horns on your head.
You have sharp toenails.
Your flesh is cold resistant.
You can tolerate rotten meat.


Message History

Press: ? - help, Shift-Dir - straight line, f/p - orc knight
Aim: an orc knight, wielding an orcish glaive and wearing an orcish plate armour The orc knight appears confused.
The orc knight falls into the water!
The orc knight drowns.
Okawaru accepts your kill.
You hear a splash.
The orc warrior barely misses you.
Evoke which item? (* to show all) (? for menu, Esc to quit)
Zapping:
I - a wand of confusion {zapped: 12}
Press: ? - help, Shift-Dir - straight line, f - orc knight
Aim: an orc knight, wielding an orcish halberd and wearing an orcish ring mail The orc knight resists with some effort.
The orc warrior shoots a bolt.
The bolt hits you!
* * * LOW HITPOINT WARNING * * *
The orc warrior barely misses you.
Drink which item? (? for menu, Esc to quit)
You feel better.
The orc warrior shoots a bolt.
The bolt hits you!
* * * LOW HITPOINT WARNING * * *
The orc warrior hits you from afar with an orcish glaive!
You die...

### ### ##
#.###########∩######### #.##
...##.....##...##.....##...#
..)#..≈≈≈..#...#..≈≈≈..#..[#
...#.≈≈(≈≈.......≈≈)≈≈.#...#
...'.≈(()≈..)....≈o((≈o'...#
.))#.≈≈.≈≈..((..@≈≈.≈≈.#...#
...#..≈≈≈..#...#..≈≈≈..#o..#
...##.....##.∩.##..o..##.o.#
#.###########∩######### #.##
### ### ##


You could see an orc knight and 2 orc warriors.

Vanquished Creatures
  An orc knight (Bailey)
  Pikel (D:4)
  Joseph (D:9)
  Psyche (D:9)
  Prince Ribbit (D:4)
  7 yaks
  2 hippogriffs
  Edmund (D:4)
  3 necrophages
  7 porcupines
  A slave (D:4)
  An ice beast (D:7)
  9 orc warriors
  A black bear (D:5)
  2 phantoms
  A sky beast (D:6)
  2 ogres
  3 centaurs
  Sigmund (D:2)
  3 giant frogs
  Blork the orc (D:7)
  5 wights (D:9)
  8 crimson imps
  A goliath beetle (D:5)
  A jelly (D:9)
  A killer bee (D:7)
  A big fish (D:5)
  2 orc priests
  A centaur skeleton (D:5)
  5 hounds
  3 iguanas
  11 orc wizards
  5 worker ants
  A scorpion (D:5)
  An orange rat (D:9)
  An ogre zombie (D:5)
  Ijyb (D:2)
  Jessica (D:3)
  Terence (D:3)
  A mummy (D:9)
  A worker ant zombie (D:9)
  A green rat (D:9)
  7 adders
  5 gnolls
  2 giant mites (D:3)
  An inept feature mimic (D:6)
  3 worms
  A giant eyeball (D:8)
  3 giant geckos
  An ooze (D:3)
  26 orcs
  19 bats
  8 giant cockroaches
  12 goblins
  18 hobgoblins
  12 jackals
  7 kobolds
  6 quokkas
  6 giant newts
  2 hobgoblin skeletons
  A kobold skeleton (D:6)
  16 rats
  3 ballistomycetes (D:8)
  A fungus (D:7)
  A plant (D:8)
264 creatures vanquished.

Vanquished Creatures (others)
  An orc (D:4)
  A hobgoblin (D:5)
  A giant spore (D:8)
3 creatures vanquished.

Grand Total: 267 creatures vanquished

Notes
Turn   | Place    | Note
--------------------------------------------------------------
     0 | D:1      | Deemzul, the Demonspawn Monk, began the quest for the Orb.
     0 | D:1      | Reached XP level 1. HP: 16/16 MP: 0/0
   331 | D:1      | Gained mutation: You have sharp fingernails. [demonic ancestry]
   331 | D:1      | Reached XP level 2. HP: 16/22 MP: 1/1
   343 | D:1      | Reached skill level 4 in Unarmed Combat
   861 | D:2      | Noticed Ijyb
   873 | D:2      | Killed Ijyb
   873 | D:2      | Reached skill level 1 in Armour
   873 | D:2      | Gained mutation: You have very sharp fingernails. [demonic ancestry]
   873 | D:2      | Reached XP level 3. HP: 22/28 MP: 2/2
   997 | D:2      | Reached XP level 4. HP: 29/34 MP: 3/3
  1051 | D:2      | Reached skill level 5 in Unarmed Combat
  1435 | D:2      | Noticed Sigmund
  1446 | D:2      | Killed Sigmund
  1446 | D:2      | Reached XP level 5. HP: 33/39 MP: 4/4
  1640 | D:2      | Found a blossoming altar of Fedhas.
  1846 | D:3      | Paralysed by a potion of paralysis for 5 turns
  1905 | D:3      | Found a radiant altar of Vehumet.
  2003 | D:3      | Noticed Jessica
  2014 | D:3      | Killed Jessica
  2048 | D:3      | Reached skill level 6 in Unarmed Combat
  2172 | D:3      | Gained mutation: You can tolerate rotten meat. [demonic ancestry]
  2172 | D:3      | Reached XP level 6. HP: 41/46 MP: 5/5
  2310 | D:3      | Found an ancient bone altar of Kikubaaqudgha.
  2339 | D:3      | Noticed Terence
  2406 | D:3      | Killed Terence
  2469 | D:5      | Entered Level 5 of the Dungeon
  2667 | D:5      | Found a staircase to the Ecumenical Temple.
  2683 | Temple   | Entered the Ecumenical Temple
  2710 | Temple   | Became a worshipper of Warmaster Okawaru
  2710 | Temple   | Acquired Okawaru's first power
  3065 | D:5      | Reached skill level 7 in Fighting
  3065 | D:5      | Reached skill level 10 in Unarmed Combat
  3065 | D:5      | Reached XP level 7. HP: 32/55 MP: 6/6
  3303 | D:5      | Found an ancient bone altar of Kikubaaqudgha.
  3306 | D:5      | Found a blossoming altar of Fedhas.
  3584 | D:5      | Gained mutation: You have sharp toenails. [demonic ancestry]
  3584 | D:5      | Reached XP level 8. HP: 49/62 MP: 7/7
  3734 | D:6      | Found a glowing golden altar of the Shining One.
  3952 | D:4      | Noticed Prince Ribbit
  3953 | D:4      | Noticed Edmund
  3960 | D:4      | Killed Prince Ribbit
  4232 | D:5      | Reached skill level 11 in Unarmed Combat
  4410 | D:6      | Found Klokust's Gadget Shoppe.
  4569 | D:6      | Found a glowing silver altar of Zin.
  4578 | D:6      | Found a white marble altar of Elyvilon.
  4901 | D:7      | Gained mutation: You have a pair of small horns on your head. [demonic ancestry]
  4901 | D:7      | Reached XP level 9. HP: 32/67 MP: 8/8
  5064 | D:8      | Reached skill level 12 in Unarmed Combat
  5445 | D:7      | Found Suhan's Book Emporium.
  5496 | D:7      | Noticed Blork the orc
  5505 | D:7      | Killed Blork the orc
  6007 | D:4      | Noticed Pikel
  6044 | D:4      | Killed Pikel
  6044 | D:4      | Reached XP level 10. HP: 74/74 MP: 7/9
  6136 | D:4      | Killed Edmund
  6138 | D:4      | Acquired Okawaru's second power
  6228 | D:5      | Found a shimmering altar of Xom.
  6363 | D:7      | Reached skill level 13 in Unarmed Combat
  7023 | D:8      | Got a pitted cap
  7026 | D:8      | Identified the cursed -5 cap of Levity {rF+} (You found it on level 8 of the Dungeon)
  7357 | D:9      | Noticed Joseph
  7388 | D:9      | Killed Joseph
  7436 | D:9      | Noticed Psyche
  7444 | D:9      | Killed Psyche
  7530 | D:9      | Found a snail-covered altar of Cheibriados.
  7647 | D:9      | Found a staircase to the Lair.
  7765 | D:9      | Found a flagged portal.
  7792 | Bailey   | Entered a bailey
  7910 | Bailey   | Gained mutation: Your flesh is cold resistant. [demonic ancestry]
  7910 | Bailey   | Reached XP level 11. HP: 81/81 MP: 10/10
  8212 | Bailey   | Noticed an orc knight
  8212 | Bailey   | Noticed an orc knight
  8221 | Bailey   | Killed an orc knight
  8223 | Bailey   | Mangled by an orc warrior

Action                   |  1- 3 |  4- 6 |  7- 9 | 10-12 || total
-------------------------+-------+-------+-------+-------++-------
Melee: Unarmed           |    97 |   188 |   252 |   189 ||   726
 Fire: Blowgun           |       |       |       |    32 ||    32
Invok: Heroism           |       |       |     5 |     9 ||    14
       Finesse           |       |       |       |     1 ||     1
Evoke: Wand              |       |       |     3 |    16 ||    19
  Use: Scroll            |       |    12 |     9 |     3 ||    24
       Potion            |       |     7 |     3 |     3 ||    13
 Stab: Sleeping          |     1 |       |     2 |     2 ||     5
